 Dungeon Crawl Stone Soup version 0.30.1-11-g7821555f0a (webtiles) character file.

Game seed: 11492195799891433222

45 Ekaitz the Gusty (level 3, -6/20 HPs)
             Began as a Tengu Air Elementalist on Dec 22, 2023.
             Mangled by an orc
             ... wielding a +0 morningstar
              (12 damage)
             ... on level 2 of the Dungeon.
             The game lasted 00:02:07 (1451 turns).

Ekaitz the Gusty (Tengu Air Elementalist)           Turns: 1451, Time: 00:02:08

Health: -6/20      AC:  2    Str:  8    XL:     3   Next: 64%
Magic:  1/7        EV: 12    Int: 17    God:
Gold:   24         SH:  0    Dex: 14    Spells: 1/7 levels left

rFire   . . .        i - +3 dagger
rCold   . . .        (no shield)
rNeg    . . .        a - +0 robe
rPois   .            (helmet restricted)
rElec   .            (no cloak)
rCorr   .            (no gloves)
SInv    .            (boots unavailable)
Will    .....        (no amulet)
Stlth   ++           (no ring)
HPRegen 0.23/turn    (no ring)
MPRegen 0.10/turn

%: no passive effects
@: no status effects
A: beak, talons 3
a: no special abilities


You were on level 2 of the Dungeon.
You visited 1 branch of the dungeon, and saw 2 of its levels.

You collected 24 gold pieces.

Inventory:

Hand Weapons
 g - a +2 dagger of holy wrath
 i - a +3 dagger (weapon)
Armour
 a - a +0 robe (worn)
Scrolls
 e - 5 scrolls of identify {unknown}
 j - a scroll of noise {unknown}
 k - a scroll of teleportation {unknown}
Potions
 b - a potion of magic
 c - a potion of haste {unknown}
 d - a potion of degeneration {unknown}
 f - a potion of curing {unknown}
 h - a potion of might {unknown}


   Skills:
 * Level 0.6 Fighting
 * Level 2.4 Dodging
 + Level 2.2 Stealth
 + Level 2.5 Spellcasting
 * Level 2.1 Conjurations
 * Level 4.6 Air Magic


You had one spell level left.
You knew the following spells:

 Your Spells              Type           Power      Damage    Failure   Level
a - Shock                 Conj/Air       52%        1d6       4%          1
b - Static Discharge      Conj/Air       26%        2-4/arc   7%          2
c - Swiftness             Air            18%        N/A       9%          3

Your spell library contained the following spells:

 Spells                   Type           Power      Damage    Failure   Level
 Airstrike                Air            9%         2d(2-18)  26%         4


Dungeon Overview and Level Annotations

Branches:
Dungeon (2/15)

Altars:


Innate Abilities, Weirdness & Mutations

You have a beak for a mouth.
You have claws for feet.


Message History

The zap hits the adder.
The adder is severely wounded.
The zap misses the orc.
The adder misses you.
The zap hits the adder.
The adder is severely wounded.
The zap misses the orc.
The adder bites you. The orc misses you.
The zap misses the adder.
The zap hits the orc.
You kill the orc!
The adder bites you. The adder closely misses you.
The zap hits the adder.
You kill the adder!
You are out of magic!
An orc priest comes into view. It is wielding a +0 club.
The zap misses the orc priest.
The orc priest shouts!
You are out of magic!
An orc comes into view. It is wielding a +0 hand axe.
An orc comes into view. It is wielding a +0 morningstar.
The orc priest attacks as you move away!
The orc priest hits you with a +0 club.
You barely miss the orc priest. Your kick misses the orc priest.
The orc priest hits you with a +0 club.
You closely miss the orc priest. You peck the orc priest.
The orc priest is lightly wounded.
The orc priest completely misses you.
You hit the orc priest. Your peck misses the orc priest.
The orc priest is moderately wounded.
The orc priest hits you with a +0 club.
You hit the orc priest but do no damage.
You peck the orc priest, but do no damage.
The orc priest is moderately wounded.
The orc closely misses you. The orc priest hits you with a +0 club.
* * * LOW HITPOINT WARNING * * *
Unknown command.
You hit the orc priest.
The orc priest is moderately wounded.
The orc hits you with a +0 morningstar!
Ouch! That really hurt!
You die...

######...# #...>#...#
###....#...#####
.........†.....## #####
...........###..##
#...#
###..............#
#...#
#>...#<..####..###...##
#....#...#
#..o....†.###
#(.S.#####
#.@.o...)...# #....#
#.o###...#..# #.....##
#.## #...#.## ......#
#.# #..)....# ......#
#.# #........# ......#
.. ...........# ......#
...#..........# .......
... #..........#
......## ...........#


You could see an orc priest and 2 orcs.

Vanquished Creatures
  2 adders (D:2)
  An orc (D:2)
  An endoplasm (D:2)
  3 giant cockroaches
  A goblin (D:1)
  3 hobgoblins
  2 jackals (D:1)
  2 ball pythons (D:1)
  2 bats (D:1)
  3 frilled lizards
  3 kobolds (D:1)
  5 rats (D:1)
28 creatures vanquished.

Notes
Turn   | Place    | Note
-------+----------+-------------------------------------------
     0 | D:1      | Ekaitz the Tengu Air Elementalist began the quest for the
                  | Orb.
     0 | D:1      | Reached XP level 1. HP: 10/10 MP: 4/4
   236 | D:1      | Reached XP level 2. HP: 14/15 MP: 0/6
   241 | D:1      | Learned a level 2 spell: Static Discharge
  1288 | D:2      | Reached XP level 3. HP: 14/20 MP: 1/7
  1292 | D:2      | Learned a level 3 spell: Swiftness
  1451 | D:2      | Mangled by an orc

Illustrated notes

Levels and vault maps discovered:
D:1:      dpeg_arrival_yet_another_circle, layout_loops_corners,
          grunt_decor_arrowhead, st_stairs_9
D:2:      layout_rooms, ebering_ecumenical_altar_ruins, minmay_rat_gold_closets

Skill      XL: |  1  2 |
---------------+-------+-----
Conjurations   | 2 |  2.1
Fighting       | |  0.6
Dodging        | |  2.4
Stealth        | |  2.2
Spellcasting   | |  2.5
Air Magic      | |  4.6

Action                     || total
---------------------------++-------
  Melee: Dagger            ||    18
         Kick              ||     3
         Peck              ||     3
   Cast: Shock             ||    46
         Static Discharge  ||     3
   Stab: Sleeping          ||     2
 Armour: Robe              ||     6
  Dodge: Dodged            ||    18
